 Dungeon Crawl Stone Soup version 0.23.2-33-g5129a83184 (webtiles) character file.

Game seed: 3364546964577334106

5014 Drevant2 the Arsonist (level 10, -5/84 HPs)
             Began as a Naga Fire Elementalist on Aug 6, 2019.
             Was a Follower of Qazlal.
             Slain by a yak (10 damage)
             ... on level 9 of the Dungeon on Aug 9, 2019.
             The game lasted 00:42:34 (12158 turns).

Drevant2 the Arsonist (Naga Fire Elementalist)     Turns: 12158, Time: 00:42:35

Health: -5/84      AC:  5    Str: 17    XL:     10   Next: 54%
Magic:  22/22      EV: 11    Int: 15    God:    Qazlal [*.....]
Gold:   545        SH:  2    Dex: 15    Spells: 5/13 levels left

rFire    . . .     SeeInvis +   E - +9 great mace of Dithmenos's Whim {venom, *Rage rElec Str+3 Dex+3}
rCold    . . .     Gourm    .   (shield currently unavailable)
rNeg     . . .     Faith    .   a - +0 robe
rPois    +         Spirit   .   (no helmet)
rElec    +         Reflect  .   (no cloak)
rCorr    .         Harm     .   I - +0 pair of gloves
MR       +....     Rnd*Rage +   (no barding)
Stlth    +++.......             (no amulet)
HPRegen  0.24/turn              h - +1 ring of evasion
MPRegen  0.18/turn              u - ring of magical power

@: very slow
A: large, see invisible, deformed body, poison resistance, slowness 2, slow
metabolism 1, spit poison 1, AC +3
a: Spit Poison, Renounce Religion


You were on level 9 of the Dungeon.
You worshipped Qazlal.
Qazlal was aware of your devotion.
You were very hungry.

You visited 2 branches of the dungeon, and saw 10 of its levels.
You also visited: Ossuary.

You collected 545 gold pieces.

Inventory:

Hand Weapons
 b - a +0 whip
 m - a +0 mace
 o - a +1 dagger of protection
 p - a +0 spear
 x - a +5 dagger of venom
 E - the +9 great mace of Dithmenos's Whim (weapon) {venom, *Rage rElec Str+3 Dex+3}
   (You found it on level 5 of the Dungeon)

   It poisons the flesh of those it strikes.
   It affects your strength (+3).
   It affects your dexterity (+3).
   It insulates you from electricity.
   It may make you go berserk in combat.
Armour
 a - a +0 robe (worn)
 C - a +0 cloak
 I - a +0 pair of gloves (worn)
 K - a scarf of spirit shield
Jewellery
 d - the ring "Zifiess" {*Corrode Dex+4 Slay+3 SInv}
   (You found it on level 5 of the Dungeon)

   [ring of see invisible]

   It affects your dexterity (+4).
   It affects your accuracy and damage with ranged weapons and melee attacks
   (+3).
   It lets you see invisible.
   It may corrode you when you take damage.
 e - a cursed -3 ring of dexterity
 h - a +1 ring of evasion (left hand)
 i - an uncursed amulet of guardian spirit
 k - an uncursed ring of protection from cold
 u - a ring of magical power (right hand)
 y - a cursed -3 ring of evasion
Wands
 r - a wand of random effects (10)
 F - a wand of acid (5)
 J - a wand of flame (25)
Scrolls
 l - 2 scrolls of remove curse
 q - 3 scrolls of enchant weapon
 t - 5 scrolls of magic mapping
 v - 2 scrolls of enchant armour {unknown}
 z - a scroll of immolation
 A - a scroll of fear
 B - a scroll of fog
 D - 2 scrolls of teleportation
 G - a scroll of blinking {unknown}
Potions
 f - a potion of mutation {unknown}
 g - 3 potions of lignification
 j - 2 potions of magic
 n - a potion of resistance
 s - a potion of haste {unknown}
 w - 2 potions of flight
 H - a potion of ambrosia
Comestibles
 c - 7 rations


   Skills:
 - Level 3.3 Fighting
 - Level 3.3 Short Blades
 * Level 8.3 Maces & Flails
 - Level 1.5 Dodging
 - Level 6.0 Stealth
 - Level 2.0 Spellcasting
 + Level 7.8 Conjurations
 + Level 8.7 Fire Magic


You had 5 spell levels left.
You knew the following spells:

 Your Spells              Type           Power        Failure   Level  Hunger
a - Flame Tongue          Conj/Fire      ####.        1%          1    #......
b - Conjure Flame         Conj/Fire      ####....     2%          3    ###....
c - Sticky Flame          Conj/Fire      ####....     8%          4    #####..

Your spell library contained the following spells:

 Spells                   Type           Power        Failure   Level  Hunger
 Throw Flame              Conj/Fire      ####..       1%          2    ###....
 Inner Flame              Hex/Fire       ##......     11%         3    ###....
 Fireball                 Conj/Fire      ####......   21%         5    ######.


Dungeon Overview and Level Annotations

Branches:
Dungeon (9/15)             Temple (1/1) D:7
   Lair: D:8-11         Orc: D:9-12

Altars:
Ashenzari
Cheibriados
Dithmenos
Elyvilon
Fedhas
Gozag
Hepliaklqana
Kikubaaqudgha
Makhleb
Nemelex Xobeh
Okawaru
Qazlal
Ru
Sif Muna
Trog
Uskayaw
Vehumet
Wu Jian
Xom
Yredelemnul
Zin
The Shining One

Annotations:
D:2 Sigmund
D:4 1 runed translucent door, haesbaert's ghost, novice KoAs
D:5 2 runed translucent doors


Innate Abilities, Weirdness & Mutations

You cannot wear boots.
Your serpentine skin is tough. (AC +3)
You have supernaturally acute eyesight. (SInv)
Armour fits poorly on your strangely shaped body.
Your system is resistant to poisons. (rPois)
You cover ground very slowly.
You have a slow metabolism.
You can spit poison.


Message History

You barely miss the yak. The yak gores you!
You hit the yak but do no damage.
The yak is poisoned.
The yak gores you. x2
You bludgeon the yak!!
The yak looks as sick as possible!
The yak is heavily wounded.
The yak gores you but does no damage. The yak barely misses you.
You thump the yak!
You kill the yak!
Qazlal accepts your kill. The yak closely misses you.
You bludgeon the yak!!
The yak looks as sick as possible!
The yak is heavily wounded.
The yak gores you.
The yak closely misses you. x2; The yak gores you! x2
* * * LOW HITPOINT WARNING * * *
You completely miss the yak.
The yak is heavily wounded.
You block the yak's attack. The yak gores you but does no damage.
The yak gores you!
* * * LOW HITPOINT WARNING * * *
The yak gores you!
You die...

..... .. ...... #...# #...#
#....# #...# #...# #....#
#...# #...# #....# #...#
#...# #....# #####...#
#...###....# #.......#
#..........######## #.......#
#.YY.............YY
#.......###.@Y....>.........Y
#####>.......##########......
#........# ..#### #..<.....#
..# #..####>.# ..# #..# #..#
..# #..# #..# ..# #..# #..#
#### ####


You could see 3 yaks.

Vanquished Creatures
  An ugly thing (D:7)
  A hippogriff (D:7)
  A hungry ghost (D:4)
  3 yaks
  4 sky beasts
  An orc warrior (D:6)
  2 ice beasts
  2 phantoms
  2 black bears
  5 ogres
  A centaur (D:5)
  4 bullfrogs
  A gnoll sergeant (D:6)
  A big kobold (D:8)
  A wyvern skeleton (D:3)
  3 scorpions
  A water moccasin skeleton (D:7)
  3 killer bees (D:8)
  3 wights (D:8)
  5 howler monkeys
  5 crimson imps
  A bullfrog zombie (D:5)
  2 bullfrog skeletons
  2 hounds (D:4)
  An orc priest (D:5)
  Crazy Yiuf (D:3)
  9 orc wizards
  2 iguanas
  9 worker ants
  4 big kobold zombies (Ossuary)
  A hound zombie (D:5)
  A hound skeleton (D:6)
  A mummy (Ossuary)
  5 gnolls (D:6)
  10 adders
  2 shadow imps
  An ooze (D:4)
  An adder skeleton (D:4)
  A worm (D:2)
  2 dart slugs
  4 leopard geckos
  36 orcs
  A spectral bat (Ossuary)
  A ball python (D:6)
  2 bat simulacra (Ossuary)
  7 giant cockroaches
  A hobgoblin (D:1)
  11 jackals
  5 quokkas
  4 bats
  6 frilled lizards
  8 gnoll zombies (Ossuary)
  5 goblins
  6 goblin zombies
  3 hobgoblin zombies (Ossuary)
  9 kobolds
  2 kobold simulacra (Ossuary)
  6 kobold zombies (Ossuary)
  2 leopard gecko skeletons
  4 orc zombies (Ossuary)
  A quokka skeleton (D:5)
  5 rats
  5 rat simulacra (Ossuary)
  A rat zombie (D:4)
  5 spectral kobolds (Ossuary)
  2 spectral rats (Ossuary)
248 creatures vanquished.

Notes
Turn   | Place    | Note
-------+----------+-------------------------------------------
     0 | D:1      | Drevant2 the Naga Fire Elementalist began the quest for the
                  | Orb.
     0 | D:1      | Reached XP level 1. HP: 15/15 MP: 3/3
   613 | D:1      | Reached XP level 2. HP: 12/22 MP: 1/5
  1435 | D:2      | Found a white marble altar of Elyvilon.
  1897 | D:2      | Noticed Sigmund
  1970 | D:3      | Reached XP level 3. HP: 28/28 MP: 4/6
  2280 | D:3      | You fall through a shaft!
  2352 | D:4      | Reached XP level 4. HP: 20/36 MP: 1/7
  2521 | D:4      | Found a sand-covered staircase.
  2540 | Ossuary  | Entered an ossuary
  2788 | Ossuary  | Reached XP level 5. HP: 39/42 MP: 8/8
  2867 | Ossuary  | Reached skill level 5 in Fire Magic
  3103 | Ossuary  | Learned a level 3 spell: Conjure Flame
  4032 | D:4      | Found a runed translucent door.
  4037 | D:4      | Reached XP level 6. HP: 46/49 MP: 9/9
  4114 | D:4      | Noticed haesbaert's ghost (novice KoAs)
  4128 | D:4      | Noticed a phantom
  4233 | D:4      | Killed a phantom
  4908 | D:3      | Found a runed translucent door.
  4909 | D:3      | Noticed Crazy Yiuf
  5177 | D:3      | Reached XP level 7. HP: 55/55 MP: 10/10
  5415 | D:3      | Killed Crazy Yiuf
  5814 | D:4      | Noticed a hungry ghost
  5844 | D:4      | Killed a hungry ghost
  5844 | D:4      | Reached skill level 5 in Stealth
  5972 | D:4      | Reached skill level 5 in Conjurations
  6619 | D:5      | Entered Level 5 of the Dungeon
  6647 | D:5      | Reached skill level 1 in Fighting
  6647 | D:5      | Reached skill level 1 in Short Blades
  6906 | D:5      | Learned a level 4 spell: Sticky Flame
  6910 | D:5      | Reached XP level 8. HP: 44/67 MP: 11/11
  7313 | D:5      | Found a large runed translucent door.
  7313 | D:5      | Found a large runed translucent door.
  7323 | D:5      | Noticed a yak
  7334 | D:5      | Found a large runed translucent door.
  7334 | D:5      | Found a large runed translucent door.
  7358 | D:5      | Killed a yak
  7633 | D:5      | Got an ancient granite ring
  7646 | D:5      | Got a jewelled great mace
  7650 | D:5      | Identified the ring "Zifiess" {*Corrode Dex+4 Slay+3 SInv}
                  | (You found it on level 5 of the Dungeon)
  7651 | D:5      | Identified the +9 great mace of Dithmenos's Whim {venom,
                  | *Rage rElec Str+3 Dex+3} (You found it on level 5 of the
                  | Dungeon)
  7675 | D:5      | Reached skill level 1 in Maces & Flails
  8055 | D:5      | Reached XP level 9. HP: 67/76 MP: 12/12
  9119 | D:6      | Reached skill level 5 in Maces & Flails
  9610 | D:7      | Found a staircase to the Ecumenical Temple.
  9612 | D:7      | Noticed a green ugly thing
  9625 | D:7      | Killed a green ugly thing
  9835 | Temple   | Entered the Ecumenical Temple
 10025 | Temple   | Became a worshipper of Qazlal Stormbringer
 10314 | D:7      | Reached XP level 10. HP: 77/84 MP: 13/13
 10684 | D:8      | Reached * piety under Qazlal
 11910 | D:9      | Found a shimmering altar of Xom.
 12158 | D:9      | Slain by a yak

Skill      XL: |  1  2  3  4  5  6  7  8  9 10 |
---------------+-------------------------------+-----
Conjurations   | 2 3 4 5 7 |  7.8
Fire Magic     | 4 5 6 8 |  8.7
Stealth        | 6 |  6.0
Fighting       | 2 3 |  3.3
Short Blades   | 2 3 |  3.3
Maces & Flails | 3 6 8 |  8.3
Dodging        | |  1.5
Spellcasting   | |  2.0

Action                   |  1- 3 |  4- 6 |  7- 9 | 10-12 || total
-------------------------+-------+-------+-------+-------++-------
Melee: Whip              |    20 |       |       |       ||    20
       Mace              |     6 |       |       |       ||     6
       Dagger            |     3 |   464 |   123 |       ||   590
       Great mace        |       |       |   125 |    99 ||   224
 Cast: Flame Tongue      |    46 |    40 |    15 |     8 ||   109
       Conjure Flame     |       |     1 |     2 |       ||     3
       Sticky Flame      |       |       |     4 |       ||     4
  Use: Scroll            |     4 |     3 |    10 |       ||    17
       Potion            |       |     3 |     7 |     5 ||    15
 Stab: Sleeping          |     1 |     9 |    10 |     3 ||    23
       Invisible         |       |       |     1 |     3 ||     4
  Eat: Chunk             |     4 |     1 |     7 |     3 ||    15
       Ration            |       |     2 |     4 |       ||     6
Armor: Robe              |     9 |   118 |    65 |    76 ||   268
       Skin              |       |     4 |    11 |       ||    15
Dodge: Dodged            |    33 |   202 |   167 |   144 ||   546
Block: Other             |       |       |       |     4 ||     4
